 Dungeon Crawl Stone Soup version 0.30-a0-475-g03497ec522 (webtiles) character file.

Game seed: 16141979079516682516

303 sanka the Chiller (level 5, -2/38 HPs)
             Began as a Demigod Ice Elementalist on Dec 20, 2022.
             Killed by nerve-wracking pain
             ... invoked by Grinder
              (9 damage)
             ... on level 3 of the Dungeon.
             The game lasted 00:05:03 (2838 turns).

sanka the Chiller (Demigod Ice Elementalist)        Turns: 2838, Time: 00:05:04

Health: -2/38      AC:  2    Str:  9    XL:     5   Next: 91%
Magic:  12/12      EV: 12    Int: 21    God:
Gold:   176        SH:  0    Dex: 14    Spells: 3/10 levels left

rFire   . . .      SeeInvis .    a - +2 demon whip (venom)
rCold   . . .      Faith    .    (no shield)
rNeg    . . .      Spirit   .    f - +0 robe
rPois   .          Reflect  .    (no helmet)
rElec   .          Harm     .    (no cloak)
rCorr   .          Rampage  .    (no gloves)
Will    .....                    (no boots)
Stlth   ++........               (no amulet)
HPRegen 0.26/turn                (no ring)
MPRegen 0.13/turn                (no ring)

@: no status effects
A: high MP 1, forlorn, divine attributes
a: no special abilities


You were on level 3 of the Dungeon.
You visited 1 branch of the dungeon, and saw 3 of its levels.

You collected 176 gold pieces.


Innate Abilities, Weirdness & Mutations

You have an increased reservoir of magic. (+10% MP)
You shall have no god before yourself.
Your divine heritage dramatically boosts your attributes as you level up.


   Skills:
 - Level 1.7 Dodging
 - Level 1.7 Stealth
 - Level 3.0 Spellcasting
 + Level 6.2 Ice Magic


You had 3 spell levels left.
You knew the following spells:

 Your Spells              Type           Power      Damage    Failure   Level
a - Ozocubu's Armour      Ice            29%        N/A       3%          3
y - Frozen Ramparts       Ice            58%        1d9       3%          3
z - Freeze                Ice            100%       1d10      1%          1

Your spell library contained the following spells:

 Spells                   Type           Power      Damage    Failure   Level
 Summon Ice Beast         Ice/Summ       16%        N/A       36%         4

Inventory:

Hand Weapons
 a - a +2 demon whip of venom (weapon)
 d - a +0 spear
 l - a +0 sling of draining
Armour
 f - a +0 robe (worn)
Jewellery
 h - a +4 ring of evasion
Scrolls
 c - 2 scrolls of immolation {unknown}
 e - 2 scrolls of summoning {unknown}
 g - 3 scrolls of silence {unknown}
 i - a scroll of identify {unknown}
 m - a scroll of enchant weapon {unknown}
 n - 2 scrolls of teleportation {unknown}
 o - a scroll of enchant armour {unknown}
 q - a scroll of fear {unknown}
Potions
 b - a potion of magic
 k - a potion of attraction {unknown}
 r - a potion of haste {unknown}

Dungeon Overview and Level Annotations

Branches:
Dungeon (3/15)

Shops:
D:1 (

Annotations:
D:3 Grinder

..▒
▒▒▒.▒▒▒......▒.▒▒.▒.▒.▒
▒.. ▒▒▒ ▒.............▒
.▒.▒.▒▒ ▒▒▒
▒...........▒▒▒ .▒ ▒..▒
▒ ▒..........▒▒ ).
...▒▒▒ ▒ ▒▒▒▒.▒▒▒▒▒▒▒ .
...... ▒...▒ ....... .
▒▒▒.▒ ▒▒▒........
▒.▒▒▒▒▒▒▒▒▒▒..........
▒....p..5....▒ ....
▒▒▒▒▒▒▒▒▒▒▒▒▒▒ .....


You could see Grinder.


Message History

Grinder hits you.
You writhe in agony.
* * * LOW HITPOINT WARNING * * *
Grinder barely misses you.
You barely miss Grinder.
Grinder is moderately wounded.
Grinder hits you but does no damage.
You barely miss Grinder.
Grinder is moderately wounded.
Grinder gestures at you. Pain shoots through your body!
* * * LOW HITPOINT WARNING * * *
You barely miss Grinder. Your punch misses Grinder.
Grinder is moderately wounded.
Grinder gestures at you. Pain shoots through your body!
* * * LOW HITPOINT WARNING * * *
Unknown command.
Okay, then.
Your icy armour will break if you move.
Continue?
Grinder attacks as you move away! Grinder hits you but does no damage.
Your icy armour cracks and falls away as you move.
Grinder says, "Wait up."
Grinder gestures at you. You resist with significant effort.
Grinder gestures at you. Pain shoots through your body!
You die...

Action                   |  1- 3 |  4- 6 || total
-------------------------+-------+-------++-------
Melee: Unarmed           |     6 |       ||     6
       Spear             |     5 |       ||     5
       Demon whip        |    37 |    20 ||    57
       Punch             |       |     1 ||     1
 Cast: Freeze            |    54 |    21 ||    75
       Frozen Ramparts   |       |     2 ||     2
       Ozocubu's Armour  |       |     1 ||     1
  Use: Potion            |       |     5 ||     5
 Stab: Sleeping          |     3 |     1 ||     4
Armor: Robe              |    10 |     7 ||    17
Dodge: Dodged            |    52 |    24 ||    76

Levels and vault maps discovered:
D:1:      spicycebolla_arrival_transporter_tutorial, layout_rooms, serial_shops,
          nicolae_shop_stone, minmay_door_square, minmay_misc_feat_tiny
D:2:      layout_basic, minmay_indecisive_spiral
D:3:      layout_rooms, grunt_temple_overflow_open, grunt_ministairs_12,
          uniq_sigmund, uniq_jessica, uniq_grinder

Notes
Turn   | Place    | Note
-------+----------+-------------------------------------------
     0 | D:1      | sanka the Demigod Ice Elementalist began the quest for the
                  | Orb.
     0 | D:1      | Reached XP level 1. HP: 14/14 MP: 5/5
    57 | D:1      | Reached skill level 2 in Spellcasting
   197 | D:1      | Reached XP level 2. HP: 20/20 MP: 5/8
   501 | D:1      | Found Lusav's Weapon Boutique.
   646 | D:1      | Reached skill level 3 in Spellcasting
   997 | D:2      | Reached XP level 3. HP: 12/26 MP: 10/10
  1148 | D:2      | Learned a level 3 spell: Ozocubu's Armour
  1152 | D:2      | Learned a level 3 spell: Frozen Ramparts
  1243 | D:2      | Reached skill level 4 in Ice Magic
  1883 | D:2      | Reached XP level 4. HP: 27/33 MP: 9/11
  2358 | D:3      | Noticed Jessica
  2363 | D:3      | Killed Jessica
  2481 | D:3      | Reached skill level 5 in Ice Magic
  2556 | D:3      | Noticed Sigmund
  2564 | D:3      | Noticed Grinder
  2609 | D:3      | Killed Sigmund
  2610 | D:3      | Reached skill level 6 in Ice Magic
  2610 | D:3      | Reached XP level 5. HP: 30/38 MP: 2/12
  2807 | D:3      | Paralysed by Grinder for 2 turns
  2817 | D:3      | Paralysed by Grinder for 4 turns
  2838 | D:3      | Killed from afar by Grinder

Vanquished Creatures
  Sigmund (D:3)
  Jessica (D:3)
  5 adders
  3 worms
  A dart slug (D:1)
  An orc (D:3)
  5 endoplasms
  5 giant cockroaches
  5 goblins
  3 hobgoblins
  4 quokkas
  8 ball pythons
  5 bats
  2 frilled lizards
  7 kobolds
  6 rats
62 creatures vanquished.
